 Dungeon Crawl Stone Soup version 0.27.0-1-g7a089689b8 (webtiles) character file.

Game seed: 1876430676593431305

29988 drh the Basher (level 13, -1/109 HPs)
             Began as a Demonspawn Berserker on Aug 17, 2021.
             Was a High Priest of Trog.
             Slain by a water moccasin (5 damage)
             ... on level 6 of the Lair of Beasts.
             The game lasted 00:50:23 (15471 turns).

drh the Basher (Demonspawn Berserker)              Turns: 15471, Time: 00:50:24

Health: -1/109     AC: 36    Str: 21    XL:     13   Next: 18%
Magic:  13/13      EV: 12    Int:  9    God:    Trog [*****.]
Gold:   1009       SH:  0    Dex: 14    Spells: 12/12 levels left

rFire    . . .     SeeInvis .   v - +2 flail (vorpal)
rCold    . . .     Faith    .   (no shield)
rNeg     . . .     Spirit   .   y - +15 Maxwell's patent armour {-Cast -Tele rElec Will+ rCorr}
rPois    .         Reflect  .   (helmet unavailable)
rElec    +         Harm     .   (no cloak)
rCorr    +         Rampage  .   (no gloves)
Will     +....     NoTele   +   (no boots) Stlth ..........NoCast +
                                (no amulet)
HPRegen  0.28/turn              h - +4 ring of slaying
MPRegen  0.13/turn              j - +4 ring of protection

@: agile, on berserk cooldown, slowed, very slow
A: horns 3, yellow scales 3, powered by pain 3, spiny 1
a: Renounce Religion, Berserk, Trog's Hand, Brothers in Arms


You were on level 6 of the Lair of Beasts.
You worshipped Trog.
Trog was extremely pleased with you.
You visited 3 branches of the dungeon, and saw 17 of its levels.
You also visited: Ossuary.

You collected 1037 gold pieces.
You spent 28 gold pieces at shops.

Inventory:

Hand Weapons
 a - a +0 falchion
 c - a +1 whip of electrocution
 v - a +2 vorpal flail (weapon)
Missiles
 m - a throwing net
Armour
 b - a +0 animal skin
 y - the +15 Maxwell's patent armour (worn) {-Cast -Tele rElec Will+ rCorr}
   (You found it on level 8 of the Dungeon)

   rElec:     It insulates you from electricity.
   -Cast:     It prevents spellcasting.
   -Tele:     It prevents most forms of teleportation.
   rCorr:     It protects you from acid and corrosion.
   Will:      It increases your willpower.
Jewellery
 h - a +4 ring of slaying (left hand)
 j - a +4 ring of protection (right hand)
 o - an amulet of the acrobat
 A - a ring of magical power
Wands
 i - a wand of paralysis (22)
 n - a wand of mindburst (34)
 w - a wand of charming (3)
 G - a wand of acid (3)
 H - a wand of flame (14)
 K - a wand of iceblast (15)
 L - a wand of digging (6)
Scrolls
 d - 2 scrolls of torment
 e - 4 scrolls of enchant armour
 f - 4 scrolls of noise
 s - 2 scrolls of amnesia
 u - 3 scrolls of teleportation
 C - a scroll of brand weapon
 I - a scroll of fear {unknown}
 J - a scroll of magic mapping
 M - a scroll of vulnerability
 N - a scroll of blinking {unknown}
 O - a scroll of summoning {unknown}
Potions
 g - 2 potions of cancellation
 l - a potion of might
 p - 2 potions of curing
 q - 4 potions of ambrosia
 r - 3 potions of haste
 t - 4 potions of brilliance
 x - 2 potions of flight
 z - 3 potions of attraction
 B - 2 potions of lignification {unknown}
 D - 2 potions of berserk rage
 E - 2 potions of mutation {unknown}
 F - 3 potions of invisibility


   Skills:
 * Level 12.7 Fighting
 - Level 0.5(1.9) Short Blades
 - Level 3.0 Long Blades
 - Level 14.0 Maces & Flails
 + Level 7.9 Armour
 - Level 1.7 Dodging
 + Level 5.7 Stealth
 + Level 1.0 Evocations


You had 12 spell levels left.
You didn't know any spells.
Your spell library contained the following spells:

 Spells                   Type           Power      Damage    Failure   Level
 Magic Dart               Conj           0%         1d3       100%        1
 Pain                     Necr           0%         1d4       100%        1
 Sting                    Tmut/Pois      0%         1d3       100%        1
 Call Imp                 Summ           0%         N/A       100%        2
 Corpse Rot               Necr/Air       N/A        N/A       100%        2
 Ensorcelled Hibernation  Hex/Ice        0%         N/A       100%        2
 Poisonous Vapours        Pois/Air       0%         N/A       100%        2
 Searing Ray              Conj           0%         3d3       100%        2
 Slow                     Hex            0%         N/A       100%        2
 Confusing Touch          Hex            0%         N/A       100%        3
 Gell's Gravitas          Tloc           0%         N/A       100%        3
 Mephitic Cloud           Conj/Pois/Air  0%         N/A       100%        3
 Ozocubu's Armour         Ice            0%         N/A       100%        3
 Spider Form              Tmut/Pois      0%         N/A       100%        3
 Stone Arrow              Conj/Erth      0%         3d7       100%        3
 Teleport Other           Tloc           0%         N/A       100%        3
 Vampiric Draining        Necr           0%         2d6       100%        3
 Animate Armour           Summ/Erth      0%         N/A       100%        4
 Fulminant Prism          Conj/Hex       0%         3d6       100%        4
 Olgreb's Toxic Radiance  Pois           0%         N/A       100%        4
 Agony                    Necr           0%         N/A       100%        5
 Blade Hands              Tmut           0%         N/A       100%        5
 Bolt of Magma            Conj/Fire/Erth 0%         4d4       100%        5
 Excruciating Wounds      Necr           0%         N/A       100%        5
 Freezing Cloud           Conj/Ice/Air   0%         6-21      100%        5
 Dispersal                Tloc           0%         N/A       100%        6
 Iron Shot                Conj/Erth      0%         9d1       100%        6
 Shadow Creatures         Summ           N/A        N/A       100%        6
 Ozocubu's Refrigeration  Ice            0%         4d5       100%        7
 Shatter                  Erth           0%         3d5*      100%        9


Dungeon Overview and Level Annotations

Branches:
Dungeon (10/15)            Temple (0/1) D:4            Lair (6/6) D:8
 Shoals (0/4) Lair:4        Snake (0/4) Lair:2        Slime (0/5) Lair:5
    Orc (1/2) D:10        Ossuary (visited)

Altars:
Elyvilon
Fedhas
Gozag
Hepliaklqana
Makhleb
Sif Muna
Zin
Jiyva

Shops:
D:1 !(??[


Innate Abilities, Weirdness & Mutations

You have a pair of large horns on your head.
You are completely covered in yellow scales. (AC +4, rCorr)
You are powered by pain.
You are partially covered in sharp spines.


Message History

The fire elemental hits you. The cane toad closely misses you.
The water moccasin is struck by your spines.
The water moccasin misses you. The komodo dragon closely misses you.
The fire elemental hits you. The fire elemental burns you!
The cane toad is struck by your spines.
The cane toad stings you but does no damage.
The water moccasin barely misses you.
You climb upwards.
There is a stone staircase leading down here.
You cannot teleport because you are wearing the +15 Maxwell's patent armour {-Cast -Tele rElec Will+ rCorr}.
Really read the scroll of torment?
Uppercase [Y]es or [N]o only, please.
Really read the scroll of torment?
As you read the scroll of torment, it crumbles to dust.
Your body is wracked with pain!
* * * LOW HITPOINT WARNING * * *
The komodo dragon convulses!
The fire elemental hits you. The komodo dragon bites you!
* * * LOW HITPOINT WARNING * * *
The cane toad is struck by your spines.
You kill the cane toad!
Trog accepts your kill. The fire elemental barely misses you.
The komodo dragon misses you.
You feel much better. The fire elemental closely misses you.
The komodo dragon is struck by your spines.
The komodo dragon bites you!!
* * * LOW HITPOINT WARNING * * *
The fire elemental closely misses you. The komodo dragon misses you.
The fire elemental is struck by your spines.
The fire elemental barely misses you.
The komodo dragon is struck by your spines.
The komodo dragon closely misses you.
The fire elemental is struck by your spines.
The fire elemental hits you. The fire elemental burns you!
* * * LOW HITPOINT WARNING * * *
You climb downwards.
The water moccasin is struck by your spines.
The water moccasin bites you.
You die...

........PPP...
.........PP....
........PPPPPP.
...........P.P.
...........P...
.........#... .
..........# ...
......E@.##....
......Sl...#...
...............
........†......
...............
...............
...P≈..........
.[≈≈§≈.........
..≈≈≈≈§°..#....


You could see a komodo dragon, a fire elemental and a water moccasin.

Vanquished Creatures
  Harold (D:7)
  Erolcha (D:9)
  A catoblepas (Lair:2)
  3 hydras
  2 two-headed ogres (D:10)
  5 death yaks (Lair:4)
  Sonja (Lair:4)
  The ghost of skAll the Covert, a novice SpEn (D:7)
  A lindwurm (Lair:6)
  Pikel (D:5)
  2 manticores
  An oklob plant (Lair:3)
  A torpor snail (Lair:6)
  4 black mambas
  Psyche (D:8)
  5 cane toads
  A gargoyle (D:7)
  Maggie (D:10)
  A rime drake (Lair:4)
  A komodo dragon (D:8)
  A polar bear (Lair:5)
  15 blink frogs
  5 slime creatures (D:8)
  A snapping turtle (Lair:4)
  A spriggan (D:7)
  A basilisk (Lair:3)
  2 fire bats (Lair:6)
  9 yaks
  4 wyverns
  Edmund (D:5)
  An acid dragon (D:9)
  3 nagas (Lair:2)
  3 orc warriors (D:10)
  11 water moccasins
  An ice beast (D:7)
  2 sky beasts
  2 black bears
  22 wolves
  3 centaurs
  2 ogres
  A phantom (D:5)
  Blork the orc (D:6)
  12 bullfrogs
  3 scorpions
  3 water moccasin zombies (Ossuary)
  5 killer bees (D:6)
  4 electric eels
  4 orc priests
  5 hounds
  3 jellies
  A centaur skeleton (D:7)
  2 bullfrog skeletons (D:6)
  2 iguanas
  14 orc wizards
  5 hell rats (Lair:4)
  A killer bee zombie (D:5)
  A hound skeleton (D:5)
  2 mummies (Ossuary)
  A gnoll (D:1)
  9 adders
  3 shadow imps
  2 white imps
  An adder skeleton (D:2)
  2 adder zombies (Ossuary)
  A worm (D:2)
  A dart slug (D:3)
  28 orcs
  5 bats
  4 endoplasms
  5 giant cockroaches
  5 goblins
  8 hobgoblins
  5 jackals
  A quokka (D:1)
  11 ball pythons
  3 frilled lizards
  6 gnoll zombies (Ossuary)
  7 hobgoblin zombies (Ossuary)
  4 kobolds
  3 kobold zombies (Ossuary)
  3 orc zombies (Ossuary)
  9 rats
  A spectral goblin (D:10)
322 creatures vanquished.

Vanquished Creatures (others)
  8 fungi
  10 plants
18 creatures vanquished.

Grand Total: 340 creatures vanquished

Notes
Turn   | Place    | Note
-------+----------+-------------------------------------------
     0 | D:1      | drh the Demonspawn Berserker began the quest for the Orb.
     0 | D:1      | Reached XP level 1. HP: 18/18 MP: 1/1
    93 | D:1      | Found Waoguimo's Distillery.
   287 | D:1      | Gained mutation: You sometimes gain a little power by
                  | taking damage. [demonic ancestry]
   287 | D:1      | Reached XP level 2. HP: 21/24 MP: 2/2
   525 | D:1      | Found Anudac's Magic Scroll Shoppe.
   572 | D:1      | Found Xofuox's Armour Boutique.
  1011 | D:1      | Reached ** piety under Trog
  1012 | D:1      | Gained mutation: You are partially covered in yellow
                  | scales. (AC +2) [demonic ancestry]
  1012 | D:1      | Reached XP level 3. HP: 27/30 MP: 3/3
  1253 | D:1      | Found Puvafub's Magic Scroll Shop.
  1317 | D:1      | Found Zyqy's Weapon Boutique.
  1335 | D:1      | Bought a scroll of identify for 28 gold pieces
  1626 | D:2      | Reached skill level 1 in Maces & Flails
  1753 | D:2      | Gained mutation: You sometimes gain power by taking damage.
                  | [demonic ancestry]
  1753 | D:2      | Reached XP level 4. HP: 37/37 MP: 4/4
  1949 | D:2      | Found a faded altar of an unknown god.
  2107 | D:3      | Reached skill level 2 in Maces & Flails
  2399 | D:3      | Reached skill level 1 in Stealth
  2652 | D:3      | Reached *** piety under Trog
  2653 | D:3      | Gained mutation: You are mostly covered in yellow scales.
                  | (AC +3) [demonic ancestry]
  2653 | D:3      | Reached XP level 5. HP: 42/42 MP: 5/5
  3024 | D:4      | Found a staircase to the Ecumenical Temple.
  3135 | D:4      | Reached skill level 3 in Maces & Flails
  3839 | D:5      | Entered Level 5 of the Dungeon
  3899 | D:5      | Reached XP level 6. HP: 49/49 MP: 6/6
  3947 | D:5      | Reached skill level 4 in Maces & Flails
  4218 | D:5      | Noticed Pikel
  4232 | D:5      | Killed Pikel
  4233 | D:5      | Reached skill level 5 in Fighting
  4233 | D:5      | Reached skill level 6 in Maces & Flails
  4233 | D:5      | Gained mutation: You are partially covered in sharp spines.
                  | [demonic ancestry]
  4233 | D:5      | Reached XP level 7. HP: 56/56 MP: 7/7
  4648 | D:5      | Gained mutation: You have a pair of small horns on your
                  | head. [demonic ancestry]
  4648 | D:5      | Reached XP level 8. HP: 61/63 MP: 8/8
  4887 | D:5      | Noticed Edmund
  4901 | D:5      | Killed Edmund
  4902 | D:5      | Reached skill level 7 in Maces & Flails
  5108 | D:6      | Found an opulent altar of Gozag.
  5471 | D:6      | Reached skill level 8 in Maces & Flails
  5480 | D:6      | Reached **** piety under Trog
  5760 | D:6      | Noticed Blork the orc
  5763 | D:6      | Killed Blork the orc
  5891 | D:6      | You fall into a shaft and drop 2 floors!
  5917 | D:8      | Noticed a slime creature
  5917 | D:8      | Noticed a slime creature
  5930 | D:8      | Killed a slime creature
  5931 | D:8      | Gained mutation: You have a pair of horns on your head.
                  | [demonic ancestry]
  5931 | D:8      | Reached XP level 9. HP: 40/71 MP: 9/9
  5958 | D:8      | Reached skill level 9 in Maces & Flails
  5992 | D:8      | Noticed a manticore
  6022 | D:8      | Killed a manticore
  6203 | D:8      | Found a sand-covered staircase.
  6213 | Ossuary  | Entered an ossuary
  6246 | Ossuary  | Reached skill level 5 in Stealth
  6643 | D:8      | Found a staircase to the Lair.
  6695 | D:8      | Noticed Psyche
  6696 | D:8      | Noticed a komodo dragon
  6709 | D:8      | Killed Psyche
  6710 | D:8      | Reached skill level 10 in Maces & Flails
  6740 | D:8      | Killed a komodo dragon
  6741 | D:8      | Reached XP level 10. HP: 35/80 MP: 10/10
  6992 | D:8      | Found the +15 Maxwell's patent armour {-Cast -Tele rElec
                  | Will+ rCorr}
  7404 | D:7      | Found a blossoming altar of Fedhas.
  7421 | D:7      | Found a burning altar of Makhleb.
  7611 | D:7      | Noticed Harold
  7621 | D:7      | Killed Harold
  7692 | D:7      | Noticed skAll's ghost (novice SpEn)
  7693 | D:7      | Found a transporter.
  7693 | D:7      | Found a transporter.
  7693 | D:7      | Noticed a gargoyle
  7693 | D:7      | Noticed a manticore
  7713 | D:7      | Reached skill level 11 in Maces & Flails
  7716 | D:7      | Killed a manticore
  7729 | D:7      | Killed skAll's ghost
  7731 | D:7      | Killed a gargoyle
  8321 | D:7      | Found a shimmering blue altar of Sif Muna.
  8998 | D:9      | Noticed Erolcha
  9003 | D:9      | Killed Erolcha
  9004 | D:9      | Reached skill level 12 in Maces & Flails
  9004 | D:9      | Gained mutation: You are completely covered in yellow
                  | scales. (AC +4, rCorr) [demonic ancestry]
  9004 | D:9      | Reached XP level 11. HP: 89/89 MP: 11/11
  9485 | D:10     | Entered Level 10 of the Dungeon
  9641 | D:10     | Found a hazy altar of Hepliaklqana.
  9685 | D:10     | Noticed Maggie
  9692 | D:10     | Killed Maggie
  9703 | D:10     | Found a staircase to the Orcish Mines.
  9786 | D:10     | Noticed a two-headed ogre
  9794 | D:10     | Killed a two-headed ogre
  9797 | D:10     | Noticed a two-headed ogre
  9804 | D:10     | Killed a two-headed ogre
  9816 | Orc:1    | Entered Level 1 of the Orcish Mines
 10303 | Lair:1   | Entered Level 1 of the Lair of Beasts
 10693 | Lair:1   | Noticed a five-headed hydra
 10701 | Lair:1   | Killed a five-headed hydra
 10702 | Lair:1   | Reached skill level 10 in Fighting
 11106 | Lair:1   | Reached skill level 13 in Maces & Flails
 11224 | Lair:1   | Noticed a four-headed hydra
 11233 | Lair:1   | Killed a four-headed hydra
 11649 | Lair:2   | Reached ***** piety under Trog
 11677 | Lair:2   | Gained mutation: You are powered by pain. [demonic
                  | ancestry]
 11677 | Lair:2   | Reached XP level 12. HP: 69/98 MP: 12/12
 11750 | Lair:2   | Found a staircase to the Snake Pit.
 11924 | Lair:2   | Noticed a seven-headed hydra
 11930 | Lair:2   | Killed a seven-headed hydra
 12037 | Lair:2   | Reached skill level 5 in Armour
 12207 | Lair:2   | Noticed a catoblepas
 12219 | Lair:2   | Killed a catoblepas
 12419 | Lair:2   | Identified the +3 leather armour of Kipusm {Int+2}
 13637 | Lair:4   | Noticed a death yak
 13651 | Lair:4   | Reached skill level 14 in Maces & Flails
 13658 | Lair:4   | Killed a death yak
 13668 | Lair:4   | Noticed a death yak
 13668 | Lair:4   | Noticed a death yak
 13670 | Lair:4   | Noticed Sonja
 13670 | Lair:4   | Noticed a death yak
 13672 | Lair:4   | Noticed a death yak
 13687 | Lair:4   | Killed a death yak
 13694 | Lair:4   | Killed a death yak
 13701 | Lair:4   | Killed a death yak
 13707 | Lair:4   | Killed a death yak
 13719 | Lair:4   | Killed Sonja
 14226 | Lair:4   | Reached skill level 1 in Evocations
 14447 | Lair:4   | Gained mutation: You have a pair of large horns on your
                  | head. [demonic ancestry]
 14447 | Lair:4   | Reached XP level 13. HP: 108/108 MP: 13/13
 14492 | Lair:4   | Found a staircase to the Shoals.
 14902 | Lair:5   | Found a staircase to the Slime Pits.
 14903 | Lair:5   | Found a viscous altar of Jiyva.
 15437 | Lair:6   | Entered Level 6 of the Lair of Beasts
 15470 | Lair:5   | HP: 4/109 [fire elemental (10)]
 15471 | Lair:6   | Slain by a water moccasin

Illustrated notes

Levels and vault maps discovered:
D:1:      shiori_arrival_oz, layout_loops_corners, serial_shops, shop,
          nicolae_shop_waterfront, shop, shop_statue, shop_scrolls
D:2:      layout_rooms, shapermc_ecumenical_altar_mp_vishouse
D:3:      layout_loops_ring, zin_scriptorium, elyvilon_altar_1
D:4:      layout_basic, temple_pool_b, serial_curves, eino_curves_04,
          eino_curves_04, grunt_ministairs_2
D:5:      layout_basic, uniq_pikel, uniq_edmund
D:6:      layout_basic, mainiacjoe_overflow_cross_hatched, uniq_blork_the_orc
D:7:      layout_loops_ring, tgw_sif, grunt_temple_overflow_open,
          gammafunk_ghost_arena, the_hattery, uniq_harold
D:8:      layout_basic, dpeg_oklobed_lair, lightli_ossuary_entry_decrepit_ruins,
          uniq_psyche
D:9:      layout_long_grid, uniq_erolcha
D:10:     layout_irregular_city, nicolae_hepliaklqana_monster_ancestors,
          orc_david_3, uniq_maggie
Lair:1:   layout_layer_cave, serial_bayou_shore_b, lemuel_fruit_fields
Lair:2:   layout_gridlike, minmay_snake_entry_guardpost_small
Lair:3:   dpeg_oklob_shooting_range, layout_gridlike,
          infiniplex_staircase_pool_2
Lair:4:   beast_lair_carwin_large_1, layout_big_grid, minmay_shoals_entry_hut,
          uniq_sonja
Lair:5:   layout_long_grid, slime_altar_1, serial_bayou_lake_a
Lair:6:   hellmonk_lair_end_abyssal_woods, layout_gridlike,
          hangedman_lair_generics_rect, lemuel_fruit_fields
Orc:1:    layout_caves, serial_shops, shop, uniq_maurice, uniq_josephine

Skill      XL: |  1  2  3  4  5  6  7  8  9 10 11 12 |
---------------+-------------------------------------+-----
Long Blades    | 3 |  3.0
Fighting       | 4 5 6 8 9 10 12 | 12.7
Maces & Flails | 1 2 3 6 8 10 12 13 14 | 14.0
Stealth        | 1 2 3 5 |  5.7
Armour         | 2 4 7 |  7.9
Evocations     | 1 |  1.0
Short Blades   | |  0.5
Dodging        | |  1.7

Action                   |  1- 3 |  4- 6 |  7- 9 | 10-12 | 13-15 || total
-------------------------+-------+-------+-------+-------+-------++-------
Melee: Falchion          |    31 |       |       |       |       ||    31
       Whip              |    97 |   120 |    32 |       |       ||   249
       Flail             |       |       |   153 |   439 |    53 ||   645
       Headbutt          |       |       |    36 |   105 |    18 ||   159
Invok: Berserk           |       |     1 |     6 |    14 |     1 ||    22
       Trog's Hand       |       |       |     2 |     5 |     1 ||     8
Evoke: Wand              |       |       |     1 |     3 |       ||     4
  Use: Scroll            |     2 |       |     2 |    16 |     3 ||    23
       Potion            |       |       |       |     7 |     1 ||     8
 Stab: Sleeping          |     3 |     1 |     4 |       |       ||     8
       Paralysed         |       |       |     6 |     3 |       ||     9
       Distracted        |       |       |     1 |       |       ||     1
Armor: Animal skin       |    34 |    41 |    70 |       |       ||   145
       Plate armour      |       |       |       |   299 |    63 ||   362
Dodge: Dodged            |    85 |    49 |    71 |   140 |    27 ||   372
       Rpst.: Falchion   |     6 |       |       |       |       ||     6
